 Dungeon Crawl Stone Soup version 0.28-a0-973-ga7f8b01127 (webtiles) character file.

Game seed: 9057693084612659837

284 siradein the Skirmisher (level 6, -7/48 HPs)
             Began as a Demonspawn Fighter on Dec 1, 2021.
             Was an Initiate of Okawaru.
             Mangled by Edmund (11 damage)
             ... on level 5 of the Dungeon.
             The game lasted 00:03:51 (3530 turns).

siradein the Skirmisher (Demonspawn Fighter)        Turns: 3530, Time: 00:03:51

Health: -7/48      AC:  8    Str: 24    XL:     6   Next: 7%
Magic:  6/6        EV:  9    Int:  9    God:    Okawaru [......]
Gold:   144        SH:  5    Dex: 13    Spells: 5/5 levels left

rFire   . . .      SeeInvis .   a - +0 trident
rCold   . . .      Faith    .   c - +0 buckler
rNeg    . . .      Spirit   .   b - +0 scale mail
rPois   .          Reflect  .   n - +0 helmet
rElec   .          Harm     .   (no cloak)
rCorr   +          Rampage  .   (no gloves)
Will    .....                   (no boots)
Stlth   ..........              q - amulet of the acrobat
HPRegen 0.16/turn               f - +6 ring of strength
MPRegen 0.10/turn               k - ring of resist corrosion

@: mighty
A: claws 2, spiny 1
a: Renounce Religion


You were on level 5 of the Dungeon.
You worshipped Okawaru.
Okawaru was noncommittal.
You visited 2 branches of the dungeon, and saw 6 of its levels.

You collected 144 gold pieces.

Inventory:

Hand Weapons
 a - a +0 trident (weapon)
Missiles
 u - 11 poisoned darts (quivered)
Armour
 b - a +0 scale mail (worn)
 c - a +0 buckler (worn)
 n - a +0 helmet (worn)
Jewellery
 f - a +6 ring of strength (left claw)
 k - a ring of resist corrosion (right claw)
 q - an amulet of the acrobat (around neck)
Scrolls
 e - 5 scrolls of identify {unknown}
 j - a scroll of magic mapping {unknown}
 o - a scroll of holy word {unknown}
 r - a scroll of fear {unknown}
 s - 2 scrolls of vulnerability {unknown}
 v - a scroll of enchant armour {unknown}
Potions
 g - a potion of attraction {unknown}
 h - a potion of ambrosia {unknown}
 i - 2 potions of berserk rage {unknown}
 l - a potion of invisibility {unknown}
 m - a potion of lignification {unknown}
 p - 2 potions of flight {unknown}
 t - a potion of haste {unknown}
 w - 2 potions of degeneration {unknown}
 x - a potion of curing {unknown}


   Skills:
 + Level 4.2 Fighting
 + Level 3.2 Polearms
 + Level 3.8 Armour
 + Level 3.9 Shields


You had 5 spell levels left.
You didn't know any spells.
Your spell library was empty.

Dungeon Overview and Level Annotations

Branches:
Dungeon (5/15)             Temple (1/1) D:4

Altars:
Ashenzari
Dithmenos
Elyvilon
Fedhas
Gozag
Hepliaklqana
Kikubaaqudgha
Makhleb
Nemelex Xobeh
Okawaru
Qazlal
Ru
Uskayaw
Wu Jian

Shops:
D:3 =

Annotations:
D:5 Edmund


Innate Abilities, Weirdness & Mutations

You have very sharp fingernails.
You are partially covered in sharp spines.


Message History

You feel very mighty all of a sudden.
Edmund hits you with a +0 dire flail of protection.
You barely miss Edmund.
Edmund hits you with a +0 dire flail of protection!
You puncture Edmund!
Edmund is moderately wounded.
You block Edmund's attack.
You barely miss Edmund.
Edmund is moderately wounded.
Edmund hits you with a +0 dire flail of protection. x2
You hit Edmund but do no damage.
Edmund is moderately wounded.
Edmund is struck by your spines.
Edmund hits you with a +0 dire flail of protection.
You barely miss Edmund.
Edmund is moderately wounded.
Edmund hits you with a +0 dire flail of protection!
You hit Edmund.
Edmund is heavily wounded.
Edmund hits you with a +0 dire flail of protection.
You hit Edmund.
Edmund is heavily wounded.
Edmund hits you with a +0 dire flail of protection!
You hit Edmund.
Edmund is severely wounded.
Edmund completely misses you.
You hit Edmund.
Edmund is severely wounded.
Edmund hits you with a +0 dire flail of protection.
* * * LOW HITPOINT WARNING * * *
You block Edmund's attack.
You barely miss Edmund.
Edmund is severely wounded.
Edmund is struck by your spines.
Edmund hits you with a +0 dire flail of protection!
* * * LOW HITPOINT WARNING * * *
You closely miss Edmund.
Edmund is severely wounded.
Edmund hits you with a +0 dire flail of protection!
You die...

≈≈≈≈≈.≈..#......#.....###.....
PP≈≈≈......#....#...##.......#
≈≈≈≈≈≈.....#....##..........##
≈≈≈≈≈..(........###...........
≈≈≈P≈........#....#...........
≈≈≈≈.....................<....
≈≈≈≈≈.................#.......
≈≈≈≈....##...........###....##
≈≈≈P.....###...@@....<...#....
≈≈≈......................# ...
≈≈......................## .#
≈≈.@...................# .
P...........#........##
##......#.........
#..............#..
..............#..#


You could see Edmund.

Vanquished Creatures
  A water moccasin zombie (D:5)
  A scorpion (D:4)
  A water moccasin skeleton (D:5)
  A hound (D:4)
  2 adders
  An adder skeleton (D:4)
  An adder zombie (D:5)
  A worm (D:2)
  A dart slug (D:3)
  5 orcs
  4 ball pythons
  6 bats
  5 endoplasms
  3 giant cockroaches
  6 hobgoblins
  A quokka (D:4)
  2 frilled lizards
  5 goblins
  8 kobolds
  6 rats
  A spectral hobgoblin (D:3)
62 creatures vanquished.

Vanquished Creatures (others)
  2 fungi (D:4)
  3 plants
5 creatures vanquished.

Grand Total: 67 creatures vanquished

Notes
Turn   | Place    | Note
-------+----------+-------------------------------------------
     0 | D:1      | siradein the Demonspawn Fighter began the quest for the
                  | Orb.
     0 | D:1      | Reached XP level 1. HP: 18/18 MP: 1/1
   393 | D:1      | Gained mutation: You have sharp fingernails. [demonic
                  | ancestry]
   393 | D:1      | Reached XP level 2. HP: 24/24 MP: 2/2
   612 | D:2      | Found a shadowy altar of Dithmenos.
  1358 | D:2      | Gained mutation: You are partially covered in sharp spines.
                  | [demonic ancestry]
  1358 | D:2      | Reached XP level 3. HP: 24/29 MP: 3/3
  1614 | D:3      | Found a hide-covered altar of Uskayaw.
  1748 | D:3      | Found Syd Luf's Jewellery Shoppe.
  1812 | D:3      | Found a faded altar of an unknown god.
  2579 | D:3      | Gained mutation: You have very sharp fingernails. [demonic
                  | ancestry]
  2579 | D:3      | Reached XP level 4. HP: 29/35 MP: 4/4
  2712 | D:4      | Noticed a scorpion
  2780 | D:4      | Found a burning altar of Makhleb.
  2823 | D:4      | Found a blossoming altar of Fedhas.
  2823 | D:4      | Found a stormy altar of Qazlal.
  2831 | D:4      | Killed a scorpion
  2832 | D:4      | Reached XP level 5. HP: 42/42 MP: 5/5
  2972 | D:4      | Found a staircase to the Ecumenical Temple.
  3144 | Temple   | Entered the Ecumenical Temple
  3241 | Temple   | Became a worshipper of Warmaster Okawaru
  3405 | D:5      | Entered Level 5 of the Dungeon
  3418 | D:5      | Reached skill level 4 in Fighting
  3474 | D:5      | Reached XP level 6. HP: 43/48 MP: 6/6
  3506 | D:5      | Noticed Edmund
  3530 | D:5      | Mangled by Edmund

Illustrated notes

Levels and vault maps discovered:
D:1:      amcnicky_arrival_flooded_fountain, layout_basic
D:2:      layout_loops_ring, basic_altar
D:3:      layout_basic, eat_drink_and_be_merry_uskayaw,
          dreamdust_ecumenical_altar_drowned_temple, serial_shops,
          nicolae_diamond_shop
D:4:      layout_cave_pools, grunt_temple_overflow_forces_of_nature,
          mainiacjoe_overflow_cross_hatched, elyvilon_altar_3,
          minmay_temple_entry_statues_pillars, palyth_stone_intersect
D:5:      layout_cave_pools, grunt_dithmenos_smoke, serial_shops,
          nicolae_shop_bloodbath_and_beyond, chequers_big_river, uniq_edmund
Temple:   dpeg_chambers_temple

Skill      XL: |  1  2  3  4  5 |
---------------+----------------+-----
Polearms       | 2 3 |  3.2
Armour         | 3 |  3.8
Shields        | 3 |  3.9
Fighting       | 4 |  4.2

Action                   |  1- 3 |  4- 6 || total
-------------------------+-------+-------++-------
Melee: Trident           |   107 |    58 ||   165
  Use: Potion            |       |     1 ||     1
Armor: Scale mail        |    25 |    20 ||    45
Dodge: Dodged            |    37 |    17 ||    54
Block: Buckler           |    15 |    10 ||    25

Table legend: (Time is in decaauts)
 A = Elapsed time spent in this place.
 B = Non-inter-level travel time spent in this place.
 C = Inter-level travel time spent in this place.
 D = Time resting spent in this place.
 E = Time spent auto-exploring this place.
 F = Levels seen in this place.
 G = Mean time per level.
                   A        B        C        D        E       F      G
               +--------+--------+--------+--------+--------+-----+--------+
         Total |   3564 |   3421 |    143 |     36 |   2898 |   6 |  594.0 |
       Dungeon |   3452 |   3309 |    143 |     36 |   2811 |   5 |  690.4 |
        Temple |    111 |    111 |      0 |      0 |     87 |   1 |  111.0 |
               +--------+--------+--------+--------+--------+-----+--------+

Top non-repeatable levels by time:
     D:2: 996 daAuts
     D:3: 951 daAuts
     D:4: 788 daAuts
     D:1: 587 daAuts
     D:5: 129 daAuts
  Temple: 111 daAuts
